 Dungeon Crawl Stone Soup version 0.31.0-9-g3a7656b989 (webtiles) character file.

Game seed: 16618270879736448372

25604509 sentinel the Bringer of Light (level 27, 273/273 HPs)
             Began as a Minotaur Cinder Acolyte on Feb 1, 2024.
             Was the Champion of the Shining One.
             Escaped with the Orb
             ... and 14 runes
             ... and 4 gems on Feb 4, 2024!
             The game lasted 06:30:54 (51473 turns).

sentinel the Bringer of Light (MiCA)               Turns: 51473, Time: 06:30:54

Health: 273/273    AC: 45    Str: 36    XL:     27
Magic:  39/39      EV: 17    Int: 10    God:    the Shining One [******]
Gold:   4353       SH: 28    Dex: 12    Spells: 22/28 levels left

rFire   + + .        x - +4 consecrated labrys {holy, Valiant ^Fragile Fly SInv}
rCold   + . .        B - +4 tower shield {rF+}
rNeg    + + +        F - +11 plate armour of Xuntokask {rPois Regen+ SInv}
rPois   +            p - +1 hat "Vefafifog" {rCorr Str+2}
rElec   +            Y - +2 cloak
rCorr   +            m - +2 pair of gloves
SInv    +            u - +2 pair of boots {rampage}
Will    +++..        a - amulet of Dogma {^Fragile rC+ Will+ Regen+} Stlth
                     Q - ring of protection from fire
HPRegen 2.25/turn    k - ring of the Dropbear {Fly rElec rCorr Str+4 SInv}
MPRegen 0.26/turn

%: rampage
@: flying, glowing, studying 3 skills
A: horns 2, retaliatory headbutt, agile 1, passive freeze
0: Orb of Zot
}: 14/15 runes: decaying, serpentine, slimy, silver, iron, obsidian, icy, bone,
abyssal, demonic, glowing, magical, fiery, dark
a: Renounce Religion, Divine Shield, Cleansing Flame, Summon Divine Warrior


You escaped.
You worshipped the Shining One.
The Shining One was exalted by your worship.
You visited 18 branches of the dungeon, and saw 87 of its levels.
You visited Pandemonium 3 times, and saw 18 of its levels.
You visited the Abyss 3 times.
You visited 1 ziggurat, and saw 8 of its levels.
You also visited: Bailey, Gauntlet and Volcano.

You collected 7573 gold pieces.
You spent 3220 gold pieces at shops.

Inventory:

Hand Weapons
 b - a +8 broad axe of venom
 x - the +4 consecrated labrys (weapon) {holy, Valiant ^Fragile Fly SInv}
   (You acquired it in Pandemonium)

   Valiant:   It becomes more powerful as more dangerous foes come into view.
   SInv:      It lets you see invisible.
   Fly:       It grants you flight.
   ^Fragile:  It will be destroyed if unequipped.
 J - the +9 rapier of the Tomato {venom, rElec rPois rF++ Str-4}
   (You found it on level 5 of the Pits of Slime)

   Str-4:     It affects your strength (-4).
   rF++:      It greatly protects you from fire.
   rElec:     It insulates you from electricity.
   rPois:     It protects you from poison
 U - a +2 long sword of distortion
 W - a +9 broad axe of holy wrath
Missiles
 H - 11 curare-tipped darts
 K - 12 silver javelins
 R - 3 throwing nets (quivered)
Armour
 l - +0 gold dragon scales
 m - a +2 pair of gloves (worn)
 p - the +1 hat "Vefafifog" (worn) {rCorr Str+2}
   (You found it in a Gauntlet)

   Str+2:     It affects your strength (+2).
   rCorr:     It protects you from acid and corrosion.
 u - a +2 pair of boots of rampaging (worn)
 B - a +4 tower shield of fire resistance (worn)
 F - the +11 plate armour of Xuntokask (worn) {rPois Regen+ SInv}
   (You bought it in a shop on level 2 of the Orcish Mines)

   rPois:     It protects you from poison SInv: It lets you see invisible.
   Regen+:    It increases your rate of health regeneration.
 S - a +8 tower shield of reflection
 Y - a +2 cloak (worn)
Jewellery
 a - the amulet of Dogma (around neck) {^Fragile rC+ Will+ Regen+}
   (You took it off a deep elf demonologist on level 3 of the Elven Halls)

   [amulet of regeneration]

   rC+:       It protects you from cold.
   Will+:     It increases your willpower.
   Regen+:    It increases your rate of health regeneration.
   ^Fragile:  It will be destroyed if unequipped.
 e - the ring "Vega Huosh" {rPois rN+ Will+}
   (You took it off a tengu reaver on level 2 of the Depths)

   [ring of poison resistance]

   rPois:     It protects you from poison rN+: It protects you from negative
   energy.
   Will+:     It increases your willpower.
 j - a +4 ring of slaying
 k - the ring of the Dropbear (right hand) {Fly rElec rCorr Str+4 SInv}
   (You found it in a Gauntlet)

   [ring of flight]

   Str+4:     It affects your strength (+4).
   rElec:     It insulates you from electricity.
   SInv:      It lets you see invisible.
   Fly:       It grants you flight.
   rCorr:     It protects you from acid and corrosion.
 o - the ring "Beasoph" {Ice Dex+4}
   (You found it on level 5 of the Pits of Slime)

   [ring of ice]

   Ice:       It enhances your ice magic.
   Dex+4:     It affects your dexterity (+4).
   rF-:       It makes you vulnerable to fire.
   rC+:       It protects you from cold.
 G - the ring "Qugiog" {Wiz rPois rC+}
   (You found it in Pandemonium)

   [ring of wizardry]

   Wiz:       It improves your spell success rate.
   rC+:       It protects you from cold.
   rPois:     It protects you from poison
 Q - a ring of protection from fire (left hand)
 T - a ring of fire
 X - the ring "Keedua" {*Slow Fly Str+3 Int+2 SInv Stlth+}
   (You took it off a vault sentinel on level 5 of the Vaults)

   [ring of flight]

   Str+3:     It affects your strength (+3).
   Int+2:     It affects your intelligence (+2).
   SInv:      It lets you see invisible.
   Fly:       It grants you flight.
   *Slow:     It may slow you when you take damage.
   Stlth+:    It makes you more stealthy.
Wands
 A - a wand of quicksilver (8)
 D - a wand of digging (22)
 I - a wand of roots (10)
 P - a wand of paralysis (17)
Scrolls
 c - 2 scrolls of revelation
 g - 13 scrolls of vulnerability
 i - 3 scrolls of poison
 r - 9 scrolls of fear
 t - 8 scrolls of teleportation
 z - a scroll of blinking
 E - 3 scrolls of summoning
 Z - 4 scrolls of silence {!r}
Potions
 n - a potion of resistance
 q - 16 potions of curing
 s - 5 potions of lignification
 v - 9 potions of attraction
 w - 8 potions of heal wounds
 y - a potion of berserk rage
 C - 4 potions of enlightenment
 L - 4 potions of magic
 M - 5 potions of mutation
 V - 2 potions of cancellation
Miscellaneous
 N - a phantom mirror
 O - a lightning rod (4/4)


   Skills:
 O Level 27 Fighting
 O Level 27 Axes
 - Level 8.0 Throwing
 + Level 24.6 Armour
 + Level 20.0 Dodging
 - Level 3.0 Stealth
 O Level 27 Shields
 - Level 1.0 Spellcasting
 - Level 7.0 Translocations
 - Level 2.1 Fire Magic
 O Level 27 Invocations
 - Level 19.0 Evocations


You had 22 spell levels left.
You knew the following spells:

 Your Spells              Type           Power      Damage    Failure   Level
d - Blink                 Tloc           28%        N/A       8%          2
z - Passage of Golubria   Tloc           14%        N/A       45%         4

Your spell library contained the following spells:

 Spells                   Type           Power      Damage    Failure   Level
 Lesser Beckoning         Tloc           28%        N/A       8%          2
 Gell's Gravitas          Tloc           14%        N/A       16%         3
 Teleport Other           Tloc           14%        N/A       16%         3
 Momentum Strike          Conj/Tloc      14%        3d8       32%         2
 Volatile Blastmotes      Fire/Tloc      18%        2d11      38%         3
 Manifold Assault         Tloc           14%        N/A       45%         4
 Foxfire                  Conj/Fire      8%         2x1d4     50%         1
 Scorch                   Fire           8%         2d5       50%         2
 Kiss of Death            Conj/Necr      0%         2d5       65%         1
 Magic Dart               Conj           0%         1d3       65%         1
 Sandblast                Erth           0%         2d4       65%         1
 Shock                    Conj/Air       0%         1d3       65%         1
 Slow                     Hex            0%         N/A       65%         1
 Sting                    Conj/Alch      0%         1d3       65%         1
 Call Imp                 Summ           0%         N/A       80%         2
 Cigotuvi's Dreadful Rot  Necr/Alch/Air  0%         N/A       80%         2
 Jinxbite                 Hex            0%         N/A       80%         2
 Searing Ray              Conj           0%         2d4       80%         2
 Static Discharge         Conj/Air       0%         3-3/arc   80%         2
 Dimensional Bullseye     Hex/Tloc       3%         N/A       91%         4
 Iskenderun's Mystic Bla  Conj/Tloc      7%         2d4       91%         4
 Vhi's Electric Charge    Tloc/Air       14%        N/A       91%         4
 Call Canine Familiar     Summ           0%         N/A       95%         3
 Confusing Touch          Hex            0%         N/A       95%         3
 Dazzling Flash           Conj/Hex       0%         N/A       95%         3
 Frozen Ramparts          Ice            0%         1d1       95%         3
 Fugue of the Fallen      Necr           0%         N/A       95%         3
 Hailstorm                Conj/Ice       0%         3d5       95%         3
 Mephitic Cloud           Conj/Alch/Air  0%         N/A       95%         3
 Ozocubu's Armour         Ice            0%         N/A       95%         3
 Passwall                 Erth           0%         N/A       95%         3
 Sigil of Binding         Hex            0%         N/A       95%         3
 Stone Arrow              Conj/Erth      0%         3d7       95%         3
 Summon Ice Beast         Ice/Summ       0%         N/A       95%         3
 Swiftness                Air            0%         N/A       95%         3
 Tukima's Dance           Hex            0%         N/A       95%         3
 Vampiric Draining        Necr           0%         2d6       95%         3
 Flame Wave               Conj/Fire      2%         2d4       99%         4
 Ignite Poison            Fire/Alch      2%         N/A       99%         4
 Sticky Flame             Fire/Alch      2%         2d4       99%         4
 Summon Forest            Summ/Tloc      3%         N/A       99%         5
 Airstrike                Air            0%         2d(0-16)  100%        4
 Anguish                  Hex/Necr       0%         N/A       100%        4
 Animate Armour           Summ/Erth      0%         N/A       100%        4
 Brom's Barrelling Bould  Conj/Erth      0%         2d3       100%        4
 Cause Fear               Hex            0%         N/A       100%        4
 Dispel Undead            Necr           0%         3d6       100%        4
 Fulminant Prism          Conj/Alch      0%         3d5       100%        4
 Olgreb's Toxic Radiance  Alch           0%         N/A       100%        4
 Petrify                  Alch/Erth      0%         N/A       100%        4
 Summon Lightning Spire   Summ/Air       0%         N/A       100%        4
 Alistair's Intoxication  Alch           0%         N/A       100%        5
 Arcjolt                  Conj/Air       0%         1d10      100%        5
 Borgnjor's Vile Clutch   Necr/Erth      0%         N/A       100%        5
 Curse of Agony           Necr           0%         N/A       100%        5
 Freezing Cloud           Conj/Ice/Air   0%         6-21      100%        5
 Iskenderun's Battlesphe  Conj           0%         2d6       100%        5
 Lee's Rapid Deconstruct  Erth           0%         3d4*      100%        5
 Metabolic Englaciation   Hex/Ice        0%         N/A       100%        5
 Silence                  Hex/Air        0%         N/A       100%        5
 Summon Mana Viper        Hex/Summ       0%         N/A       100%        5
 Yara's Violent Unravell  Hex/Alch       0%         3d3       100%        5
 Bombard                  Conj/Erth      0%         9d1       100%        6
 Dispersal                Tloc           7%         N/A       100%        6
 Eringya's Noxious Bog    Alch           0%         4d6       100%        6
 Sculpt Simulacrum        Ice/Alch       0%         N/A       100%        6
 Starburst                Conj/Fire      1%         6d3       100%        6
 Summon Cactus Giant      Summ           0%         N/A       100%        6
 Enfeeble                 Hex            0%         N/A       100%        7
 Monstrous Menagerie      Summ           0%         N/A       100%        7
 Orb of Destruction       Conj           0%         9d5       100%        7
 Ozocubu's Refrigeration  Ice            0%         4d7       100%        7
 Spellforged Servitor     Conj/Summ      0%         N/A       100%        7
 Summon Hydra             Summ           0%         N/A       100%        7
 Discord                  Hex            0%         N/A       100%        8
 Ignition                 Fire           2%         3d3       100%        8
 Lehudib's Crystal Spear  Conj/Erth      0%         10d2      100%        8
 Maxwell's Capacitive Co  Air            0%         ∞         100%        8
 Summon Horrible Things   Summ           0%         N/A       100%        8
 Dragon's Call            Summ           0%         N/A       100%        9
 Fire Storm               Conj/Fire      1%         7d1       100%        9
 Polar Vortex             Ice            0%         N/A       100%        9


Dungeon Overview and Level Annotations

Branches:
Dungeon (15/15)            Temple (1/1) D:5            Lair (5/5) D:10
  Swamp (4/4) Lair:3        Snake (4/4) Lair:3        Slime (5/5) Lair:5
    Orc (2/2) D:10            Elf (3/3) Orc:2        Vaults (5/5) D:14
  Crypt (3/3) Vaults:2       Tomb (2/3) Crypt:3      Depths (4/4) D:15
   Hell (visited)             Dis (7/7) Hell            Geh (7/7) Hell
    Coc (7/7) Hell            Tar (7/7) Hell            Zot (5/5) Depths:4
 Bailey (visited)         Volcano (visited)         Gauntlet (visited)

Altars:
Ashenzari
Cheibriados
Elyvilon
Fedhas
Gozag
Hepliaklqana
Kikubaaqudgha
Makhleb
Nemelex Xobeh
Okawaru
Qazlal
Ru
Sif Muna
Trog
Uskayaw
Vehumet
Wu Jian
Xom
Yredelemnul
Zin
The Shining One
Jiyva
Lugonu

Shops:
Orc:2 **[*[   Elf:3 [   Snake:1 *   Snake:3 [   Snake:4 [((=   Vaults:1 (=:

Portals:
Hell: Depths:1 Depths:2 Depths:3 Depths:4
Abyss: Depths:1 Depths:3 Depths:4
Pandemonium: Depths:2
Trove: Elf:1 (give 17 scrolls of teleportation)

Annotations:
D:9 6 exclusions
D:13 !dig, exclusion: 3 doors
D:14 Roxanne
Swamp:3 Mara
Snake:3 2 transporters, Smee's ghost, adept MiFi
Elf:2 3 exclusions
Elf:3 1 exclusion
Depths:1 1 runed translucent door, Camaan's ghost, adept DgCj
Depths:3 1 runed translucent door, exclusion: ice statue, Axelsxxd's ghost, adept DsAr
Coc:7 exclusion: ice statue


Innate Abilities, Weirdness & Mutations

You have a pair of horns on your head.
You reflexively headbutt those who attack you in melee.
You are agile. (Dex +4, Str/Int -1)
A frigid envelope surrounds you and freezes all who hurt you.


Message History

There is a stone staircase leading down here.
There is a large open door here.
There is an open door here.
There is a stone staircase leading up, spattered with blood here.
You fly upwards.
There is a stone staircase leading down, spattered with blood here.
Things that are here:
a +0 animal skin; a -2 glaive
Things that are here:
a +0 robe; a +0 robe; a +2 halberd of freezing
There is a stone staircase leading up here.
You fly upwards.
There is a stone staircase leading down here.
You see here +0 steam dragon scales.
There is a stone staircase leading up here.
You fly upwards.
There is a stone staircase leading down here.
An Orb Guardian comes into view.
You rampage towards the Orb Guardian!
You hit the Orb Guardian but do no damage.
The Orb Guardian hits you but does no damage.
The Orb Guardian is very cold.
The Orb Guardian is lightly wounded.
You slice the Orb Guardian!! Your headbutt misses the Orb Guardian.
The Orb Guardian is heavily wounded.
You block the Orb Guardian's attack.
You slash the Orb Guardian! You headbutt the Orb Guardian.
The Orb Guardian is heavily wounded.
The Orb Guardian hits you!
The Orb Guardian is very cold.
The Orb Guardian is severely wounded.
A blizzard demon comes into view.
You hit the Orb Guardian.
The Orb Guardian is severely wounded.
The Orb Guardian hits you but does no damage.
The Orb Guardian is very cold.
The Orb Guardian is severely wounded.
You hit the Orb Guardian but do no damage.
You headbutt the Orb Guardian, but do no damage.
The Orb Guardian is severely wounded.
You block the Orb Guardian's attack.
You closely miss the Orb Guardian.
The Orb Guardian is severely wounded.
You block the Orb Guardian's attack. The blizzard demon gestures at you.
The bolt of lightning hits you. You resist.
You slash the Orb Guardian!
The Orb Guardian is almost dead.
You block the Orb Guardian's attack. The Orb Guardian hits you!
The Orb Guardian is very cold.
The Orb Guardian is almost dead.
You block the Orb Guardian's attack.
You slice the Orb Guardian!!
You kill the Orb Guardian!
An Orb Guardian comes into view.
The blizzard demon waves its arms in wide circles.
The air twists around and strikes you.
The Orb Guardian attacks as it pursues you!
You block the Orb Guardian's attack.
The Orb Guardian attacks as it pursues you!
You block the Orb Guardian's attack.
The Orb Guardian hits you but does no damage.
There is a stone staircase leading up here.
You slash the Orb Guardian!
The Orb Guardian is lightly wounded.
You slice the Orb Guardian!! Your headbutt misses the Orb Guardian.
The Orb Guardian is heavily wounded.
You block the Orb Guardian's attack.
A rust devil comes into view.
You slash the Orb Guardian!
The Orb Guardian is heavily wounded.
The Orb Guardian hits you!!
The Orb Guardian is very cold.
The Orb Guardian is severely wounded.
You slash the Orb Guardian! Your headbutt misses the Orb Guardian.
The Orb Guardian is severely wounded.
The Orb Guardian barely misses you. You furiously retaliate!
You headbutt the Orb Guardian! You slash the Orb Guardian!
You kill the Orb Guardian!
There is a stone staircase leading up, spattered with blood here.
You fly upwards.
There is a stone staircase leading down here.
(D) Dungeon (T) Temple (L) Lair (S) Swamp (P) Snake Pit (M) Slime Pits (O) Orcish Mines (E) Elven Halls (V) Vaults (C) Crypt (W) Tomb (U) Depths (H) Hell (I) Dis (G) Gehenna (X) Cocytus (Y) Tartarus (Z) Zot
Where to? (Tab/Enter - D:1 @ (x,y), ? - help) HP restored.
There is a stone staircase leading up here.
You fly upwards.
There is a stone staircase leading down here.
There is a stone staircase leading up here.
You fly upwards.
There is a stone staircase leading down here.
There is an open door here.
A golden eye comes into view. 2 golden eyes come into view.
The golden eye turns its gaze towards you. x2
There is a stone staircase leading up here.
The golden eye blinks at you. You resist with almost no effort.
The golden eye blinks at you. You resist with almost no effort.
The golden eye blinks at you. You resist with almost no effort.
You fly upwards.
There is a stone staircase leading down here.
(D) Dungeon (T) Temple (L) Lair (S) Swamp (P) Snake Pit (M) Slime Pits (O) Orcish Mines (E) Elven Halls (V) Vaults (C) Crypt (W) Tomb (U) Depths (H) Hell (I) Dis (G) Gehenna (X) Cocytus (Y) Tartarus (Z) Zot
Where to? (Tab/Enter - D:1 @ (x,y), ? - help)
There is an open door here.
An Ice Fiend comes into view.
You rampage towards the Ice Fiend!
You rampage towards the Ice Fiend!
The Ice Fiend claws you! The Ice Fiend freezes you! You resist.
The Ice Fiend completely resists.
You block the Ice Fiend's attack.
Activating: Cleansing Flame (0% risk of failure)
Press: ? - help, Dir - look around, f - activate Look: an Ice Fiend (haloed)
The golden flame engulfs you but does no damage.
You resist.
The golden flame engulfs the Ice Fiend!!!
The Ice Fiend writhes in agony!
The Ice Fiend is moderately wounded.
The Ice Fiend barely misses you. You block the Ice Fiend's attack.
You slash the Ice Fiend!
The Ice Fiend convulses.
The Ice Fiend is heavily wounded.
You slice the Ice Fiend!!
The Ice Fiend convulses.
You headbutt the Ice Fiend.
The Ice Fiend is almost dead.
You block the Ice Fiend's attack. x2
You slice the Ice Fiend!!
The Ice Fiend convulses.
You kill the Ice Fiend!
The Shining One accepts your kill.
Your Dodging skill increases to level 20!
(D) Dungeon (T) Temple (L) Lair (S) Swamp (P) Snake Pit (M) Slime Pits (O) Orcish Mines (E) Elven Halls (V) Vaults (C) Crypt (W) Tomb (U) Depths (H) Hell (I) Dis (G) Gehenna (X) Cocytus (Y) Tartarus (Z) Zot
Where to? (Tab/Enter - D:1 @ (x,y), ? - help) HP restored.
Magic restored.
There is a stone staircase leading up here.
You fly upwards.
There is a stone staircase leading down here.
There is a staircase leading out of the dungeon here.
You have escaped!

## #. ######### #.
####.......# #.
###..#.......### #.
#....'.........####.
#.#@.#########......
#.#..'.### #######
#.####...## ####....
##.# ##÷÷.# #.....##
####..#
##÷.###.###...
#.....# ##...#..#
##.. #.....#
#....#.## ##.
#.....#####....###
#. #........##....#
##


There were no monsters in sight!

Vanquished Creatures
  Antaeus (Coc:7)
  Asmodeus (Geh:7)
  Ereshkigal (Tar:7)
  Mnoleg (Pan)
  Gloorx Vloq (Pan)
  Lom Lobon (Pan)
  Dispater (Dis:7)
  3 dread liches
  4 pandemonium lords (Pan)
  6 ancient liches
  3 orbs of fire
  A juggernaut (Abyss:3)
  A royal mummy (Zig:5)
  Bai Suzhen (Snake:3)
  Saint Roka (Vaults:2)
  the Lernaean hydra (Swamp:4)
  4 Killer Klowns (Zot:5)
  2 shard shrikes
  2 curse toes (Zot:5)
  Margery (Vaults:5)
  5 golden dragons
  7 caustic shrikes
  Geryon (Hell)
  14 bone dragons
  A pearl dragon (Pan)
  the Enchantress (Depths:3)
  2 profane servitors
  3 doom hounds
  9 Tzitzimimeh
  A spectral shard shrike (Tar:3)
  3 Brimstone Fiends
  6 hellephants
  9 iron giants
  6 tainted leviathans
  3 electric golems
  13 tentacled monstrosities
  10 Ice Fiends
  23 Hell Sentinels
  Rupert (D:12)
  3 deep elf blademasters
  6 liches
  11 searing wretches
  10 titans
  24 Orb Guardians
  Asterion (Elf:2)
  6 quicksilver dragons
  A deep elf master archer (Elf:3)
  6 sphinxes (Tomb:1)
  2 tentacled starspawn (Abyss:3)
  11 acid blobs
  16 Executioners
  8 death cobs
  Kirke (Lair:4)
  25 ancient champions
  5 tengu reavers
  A thorn hunter (Swamp:3)
  Aizul (Elf:3)
  11 azure jellies
  2 fenstrider witches
  5 shadow dragons
  5 revenants
  4 draconian monks
  3 draconian knights
  9 deep elf sorcerers
  14 storm dragons
  24 frost giants
  20 narguns
  2 demonspawn warmongers (Pan)
  Donald (Elf:3)
  6 protean progenitors
  12 rockslimes
  13 fire giants
  4 nagarajas
  3 spectral caustic shrikes
  9 vault wardens
  22 balrugs
  6 shard shrike simulacra
  6 quicksilver elementals
  2 draconian shifters
  6 deep elf elementalists
  3 ghost moths
  7 draconian scorchers
  3 curse skulls
  An orc warlord (Vaults:4)
  16 reapers
  An iron dragon (Depths:3)
  2 draconian stormcallers (Zot:1)
  An angel (Pan)
  2 caustic shrike skeletons (Pan)
  3 spectral juggernauts
  8 ghouls
  4 demonspawn corrupters (Pan)
  4 spriggan defenders
  3 draconian annihilators
  15 ironbound preservers
  3 cacodemons (Pan)
  13 stone giants
  A demonspawn blood saint (Pan)
  13 very ugly things
  11 quicksilver oozes
  A juggernaut skeleton (Pan)
  3 ophanim (Pan)
  3 deep elf demonologists (Elf:3)
  19 elemental wellsprings
  A formless jellyfish (Zig:6)
  8 ironbound thunderhulks
  7 green draconians
  7 vampire knights
  5 apis (Pan)
  10 yellow draconians
  4 eleionomae
  10 lorocyprocas
  9 black draconians
  5 bunyips
  8 red draconians
  5 deep elf death magi
  24 starcursed masses
  6 putrid mouths
  4 demonspawn black suns (Pan)
  3 purple draconians
  6 spark wasps
  5 deep elf annihilators
  17 war gargoyles
  A minotaur (Gauntlet)
  9 wendigos
  5 white draconians
  14 dire elephants
  6 green deaths
  23 iron golems
  2 eidola
  Snorg (D:12)
  9 ettins
  7 mummy priests
  2 merfolk impalers
  2 jiangshi
  5 crystal guardians
  8 deep elf high priests
  16 blizzard demons
  A shambling mangrove (Swamp:3)
  A spectral iron giant (Tar:5)
  4 fire dragons
  6 great orbs of eyes
  Josephine (D:11)
  2 spectral spriggans
  7 salamander tyrants
  A ghost crab (Swamp:2)
  The ghost of beef the Destroyer, a journeyman DECj of Sif Muna (D:13)
  3 entropy weavers
  5 rakshasas
  17 vault guards (Vaults:5)
  14 yaktaur captains
  14 hydras
  9 ice dragons
  5 juggernaut simulacra
  A catoblepas (Lair:1)
  9 alligators
  7 caustic shrike simulacra
  4 peacekeepers
  2 hell beasts
  13 anacondas
  2 ogre magi
  5 spriggan air magi
  A merfolk avatar (Lair:5)
  11 centaur warriors
  A jorogumo (Pan)
  2 stokers (Geh:3)
  2 ironbound frosthearts
  A spriggan skeleton (Crypt:3)
  31 dancing weapons
  9 naga warriors
  3 merfolk aquamancers
  7 boulder beetles
  A titan zombie (Tomb:2)
  3 death knights
  9 two-headed ogres
  3 deep troll shamans
  10 tengu warriors
  13 death scarabs
  5 deep troll earth magi
  2 demonic crawlers
  3 vampire magi
  10 occultists
  A spectral stone giant (Tar:2)
  3 orc high priests
  9 spriggan berserkers
  5 shock serpents
  4 thrashing horrors (Abyss:3)
  Sonja (D:13)
  21 hell hogs
  10 naga sharpshooters
  27 soul eaters
  5 crystal echidnas
  6 wretched stars (Abyss:3)
  7 hell knights
  12 deep elf knights
  8 skeletal warriors
  4 skysharks
  35 sun demons
  3 salamander mystics
  3 iron trolls
  5 goliath frogs
  11 sixfirhies
  A hellephant skeleton (Pan)
  A bunyip zombie (Crypt:1)
  7 spriggan druids
  2 glowing orange brains
  An orb spider (shapeshifter) (Vaults:5)
  22 large abominations
  A storm dragon skeleton (Crypt:3)
  39 deep trolls
  A death drake (D:13)
  5 shadow demons
  12 shadow wraiths
  A quicksilver dragon simulacrum (Coc:4)
  4 arcanists
  2 mana vipers
  3 sun moths (Pan)
  3 sea snakes
  An obsidian statue (Zot:5)
  11 swamp dragons
  4 naga ritualists
  10 bog bodies
  10 phantasmal warriors
  3 flayed ghosts
  24 deep elf zephyrmancers
  A steelbarb worm (shapeshifter) (Vaults:1)
  2 anaconda skeletons
  A bunyip skeleton (Tomb:1)
  11 lindwurms
  8 deep elf archers
  4 orc knights
  18 ironbound convokers
  5 harpies (Vaults:1)
  A steelbarb worm (Pan)
  4 necromancers
  4 will-o-the-wisps
  27 deep elf pyromancers
  6 orc sorcerers
  An alligator skeleton (Hell)
  22 ugly things
  An alligator zombie (Hell)
  5 shining eyes
  22 moths of wrath
  10 salamanders
  A jorogumo skeleton (Crypt:3)
  3 kobold blastminers
  5 cyclopes
  An oklob plant (Snake:3)
  4 manticores
  An eye of devastation (shapeshifter) (Elf:2)
  A tengu skeleton (Zig:5)
  18 vault sentinels
  A worldbinder (Abyss:3)
  11 naga magi
  A merfolk siren (Zig:7)
  7 guardian serpents
  58 slime creatures
  2 ice statues
  6 toenail golems
  28 black mambas
  10 elephants
  11 cane toads
  16 smoke demons
  2 eyes of devastation
  8 molten gargoyles
  3 storm dragon simulacra (Coc:1)
  2 gargoyles
  9 orange demons
  33 hellions
  5 titan simulacra
  5 kobold demonologists
  A torpor snail (shapeshifter) (Vaults:5)
  6 unseen horrors
  A black draconian zombie (Crypt:1)
  4 rime drakes
  A centaur skeleton (Crypt:3)
  8 tormentors
  An efreet (Pan)
  11 komodo dragons
  13 freezing wraiths
  2 anaconda simulacra
  A bunyip simulacrum (Tomb:2)
  8 guardian mummies
  11 tengu conjurers
  A mana viper skeleton (Crypt:1)
  14 yaktaurs
  2 ancient zymes (Abyss:3)
  An iron giant simulacrum (Coc:6)
  A red devil (Pan)
  A hydra zombie (Hell)
  2 spectral harpies
  8 trolls
  A bloated husk (Swamp:1)
  5 polar bears
  3 ice devils (Pan)
  2 silent spectres (Tar:5)
  13 hornets
  A queen bee (shapeshifter) (Depths:1)
  A harpy zombie (Tomb:2)
  2 merfolk (Zig:7)
  9 tyrant leeches
  19 blink frogs
  2 wind drakes
  5 raiju (Abyss:3)
  13 hellwings (Pan)
  A boulder beetle zombie (Crypt:1)
  A harpy skeleton (Tomb:2)
  A shadow dragon simulacrum (Coc:1)
  4 glass eyes
  4 snapping turtles
  3 stone giant simulacra
  2 centaur simulacra (D:14)
  A spectral black mamba (Tar:2)
  A culicivora (shapeshifter) (Vaults:1)
  3 air elementals
  5 wyverns
  56 yaks
  15 spriggans
  10 wraiths
  2 dire elephant simulacra
  4 basilisks
  9 ynoxinuls
  26 fire elementals
  An ushabti (Tomb:2)
  2 naga simulacra
  4 neqoxecs
  A vampire (D:11)
  7 water elementals
  17 humans
  2 wargs
  7 fire bats
  8 golden eyes
  10 vampire mosquitoes
  Grum (D:8)
  5 hogs (Lair:4)
  3 steam dragons
  4 chaos spawn
  A sea snake simulacrum (Hell)
  33 nagas
  5 swamp worms
  3 hydra simulacra
  16 harpy simulacra
  A faun skeleton (Crypt:2)
  8 hell hounds
  7 acid dragons
  10 water moccasins
  13 orc warriors
  A meliai simulacrum (D:14)
  A demonspawn skeleton (Crypt:3)
  7 ice beasts
  A naga skeleton (Crypt:1)
  6 swamp drakes
  2 hornet zombies
  3 black bears
  13 laughing skulls
  11 ogres
  9 small abominations
  21 wolves
  An ettin simulacrum (Coc:6)
  5 centaurs
  A phantom (D:4)
  3 kobold brigands
  A rime drake skeleton (Crypt:1)
  A weeping skull (Abyss:3)
  A yaktaur zombie (Crypt:3)
  18 bullfrogs
  2 brain worms (Abyss:3)
  A necrophage (Crypt:3)
  6 gnoll sergeants (Bailey)
  A scorpion (D:5)
  2 earth elementals
  7 wights
  5 killer bees (D:8)
  5 electric eels
  10 howler monkeys
  3 bombardier beetles
  2 centaur zombies
  10 hounds
  13 orc priests
  3 sleepcaps
  6 jellies
  Jessica (D:2)
  4 gnoll boudas (Bailey)
  Natasha (thrice) (D:2)
  3 iguanas
  12 orc wizards
  2 killer bee zombies (D:8)
  A deep dwarf skeleton (Crypt:3)
  2 boggart simulacra (D:14)
  5 howler monkey zombies (D:8)
  9 mummies
  29 gnolls
  12 adders
  3 shadow imps
  6 white imps
  2 ufetubi (D:4)
  A lava snake zombie (Crypt:2)
  3 dart slugs
  3 ribbon worms
  66 orcs
  4 bats
  4 endoplasms
  4 giant cockroaches
  11 goblins
  8 hobgoblins
  2 jackals (D:4)
  A quokka (D:4)
  7 ball pythons
  2 frilled lizards
  16 kobolds
  12 rats
  An aspiring flesh (Pan)
  3 creeping infernos
  4 fire vortices
  6 spectral weapons
  A starspawn tentacle (Abyss:3)
2816 creatures vanquished.

Vanquished Creatures (collateral kills)
  Cerebov (Pan)
  the Royal Jelly (Slime:5)
  Ignacio (Pan)
  A dread lich (Vaults:5)
  An orb of fire (Zot:2)
  The ghost of Esce the Minotaur Barricade, a veteran MiFi of Okawaru (Zot:4)
  Sojobo (Crypt:1)
  3 royal mummies (Tomb:1)
  Boris (Depths:3)
  2 shard shrikes
  Vashnia (Snake:4)
  4 caustic shrikes
  A golden dragon (Depths:4)
  3 bone dragons
  2 profane servitors
  Norris (Depths:3)
  Jory (Vaults:5)
  5 doom hounds
  An electric golem (Zot:5)
  2 Tzitzimimeh
  3 Brimstone Fiends
  An iron giant (Dis:7)
  Zenata (Elf:3)
  2 tentacled monstrosities
  Mlioglotl (Snake:1)
  2 hellephants
  A lich (Tomb:1)
  3 Hell Sentinels
  5 Orb Guardians (Zot:5)
  2 tainted leviathans (Tar:7)
  4 Ice Fiends
  4 searing wretches
  6 acid blobs
  A titan (Coc:7)
  2 Executioners (Pan)
  A shadow dragon (Vaults:5)
  2 ancient champions (Dis:7)
  3 tengu reavers
  A storm dragon (Depths:4)
  A nagaraja (Snake:4)
  4 demonspawn warmongers (Pan)
  A draconian monk (Abyss:3)
  2 azure jellies (Coc:7)
  4 frost giants (Depths:2)
  A vault warden (Vaults:5)
  A spectral juggernaut (Tar:4)
  2 protean progenitors (Pan)
  9 balrugs
  3 quicksilver elementals
  3 iron dragons
  A shard shrike simulacrum (Coc:5)
  A deep elf elementalist (Elf:3)
  A curse skull (Pan)
  9 reapers
  7 cacodemons
  2 angels
  A caustic shrike skeleton (Pan)
  A very ugly thing (Vaults:5)
  3 stone giants
  A quicksilver ooze (Slime:5)
  2 ophanim (Abyss:3)
  A vampire knight (Depths:2)
  An apis (Pan)
  A juggernaut skeleton (Pan)
  5 elemental wellsprings
  A deep elf annihilator (Elf:3)
  2 war gargoyles
  A deep elf death mage (Crypt:1)
  2 wendigos (Coc:7)
  2 white draconians (Zot:5)
  A red draconian (Depths:4)
  2 eidola
  2 blizzard demons
  A crystal guardian (Elf:3)
  A merfolk javelineer (Abyss:3)
  2 iron golems
  A spectral quicksilver dragon (Tar:5)
  2 jiangshi
  2 mummy priests (Tomb:1)
  A fire dragon (Depths:3)
  A caustic shrike simulacrum (Coc:5)
  A salamander tyrant (Geh:7)
  3 hydras (Swamp:4)
  2 ice dragons
  6 vault guards (Vaults:5)
  2 spriggan air magi
  2 anacondas (Snake:4)
  A stoker (Geh:7)
  A two-headed ogre (D:14)
  7 death scarabs
  A naga warrior (Abyss:2)
  2 deep troll earth magi
  A demonic crawler (Pan)
  A thrashing horror (Abyss:3)
  A tengu warrior (Depths:2)
  4 hell hogs (Geh:4)
  Urug (D:14)
  An orc high priest (Orc:2)
  10 sun demons
  2 soul eaters (Pan)
  A hell knight (Vaults:5)
  2 naga sharpshooters (Snake:4)
  A salamander mystic (Snake:4)
  A skyshark (Depths:3)
  An iron troll (Depths:2)
  A ghost moth zombie (Crypt:3)
  5 sixfirhies
  4 shadow wraiths
  A spriggan druid (Swamp:4)
  13 skeletal warriors
  A quicksilver dragon simulacrum (Coc:7)
  2 deep trolls (Depths:4)
  An anaconda zombie (Crypt:1)
  3 cherubim
  2 swamp dragons (Swamp:4)
  3 naga ritualists (Snake:4)
  A shadow demon (Pan)
  7 bog bodies (Swamp:4)
  A deep elf archer (Elf:3)
  A mana viper (Snake:4)
  2 phantasmal warriors (Hell)
  A sun moth (Pan)
  An orc knight (Orc:2)
  2 steelbarb worms (Pan)
  A necromancer (Depths:3)
  An alligator skeleton (Hell)
  A shining eye (Slime:5)
  An ugly thing (D:14)
  A faun (shapeshifter) (Depths:4)
  A moth of wrath (Zot:5)
  5 large abominations
  A moth of wrath (shapeshifter) (Vaults:5)
  An apocalypse crab (Abyss:3)
  A black mamba (Snake:4)
  4 guardian serpents
  3 naga magi
  5 smoke demons
  A molten gargoyle (Geh:7)
  An ice statue (Coc:7)
  A titan simulacrum (Coc:7)
  3 orange demons
  4 hellions
  An efreet (Abyss:3)
  3 freezing wraiths
  3 guardian mummies
  A tengu conjurer (Depths:2)
  An anaconda simulacrum (Coc:7)
  An ancient zyme (Abyss:1)
  A red devil (Pan)
  2 ice devils (Pan)
  A red draconian skeleton (Crypt:3)
  A tengu simulacrum (Tomb:1)
  2 hellwings (Pan)
  A harpy skeleton (Crypt:1)
  A hydra skeleton (Hell)
  A raiju (Abyss:2)
  3 slime creatures (Slime:5)
  2 ynoxinuls (Abyss:3)
  A wraith (Abyss:2)
  A starcursed mass (Abyss:3)
  5 ushabtiu
  2 water elementals
  5 golden eyes (Pan)
  4 humans (D:14)
  A basilisk (shapeshifter) (Depths:3)
  6 neqoxecs
  2 chaos spawn (Pan)
  2 harpy simulacra
  2 hydra simulacra
  6 nagas
  8 hell hounds
  6 swamp drakes (Swamp:4)
  3 laughing skulls
  An orc warrior (Orc:2)
  A weeping skull (Abyss:3)
  An orc priest (Orc:2)
  2 orc wizards
  An ogre zombie (Crypt:1)
  14 mummies
  A white imp (Abyss:3)
  An orc (D:14)
  An aspiring flesh (Pan)
  2 creeping infernos
418 creatures vanquished.

Vanquished Creatures (others)
  A titan (Coc:1)
  An eldritch tentacle (Pan)
  A frost giant (Depths:2)
  An elemental wellspring (Coc:5)
  A rakshasa (Depths:3)
  A juggernaut simulacrum (Coc:6)
  2 salamander tyrants
  A soul eater (Hell)
  A quicksilver dragon simulacrum (Coc:1)
  A spriggan simulacrum (Coc:4)
  A sun moth (Pan)
  A deep elf pyromancer (Elf:2)
  A deep elf zephyrmancer (Elf:1)
  A smoke demon (Pan)
  A molten gargoyle (Elf:1)
  A bunyip simulacrum (Coc:1)
  5 bloated husks
  A stone giant simulacrum (Coc:6)
  A fire bat (Pan)
  A neqoxec (Pan)
  2 harpy simulacra
  A kobold brigand (D:6)
  2 naga simulacra
  A mummy (Tomb:1)
  A fire vortex (Geh:6)
  34 foxfires
  2 lurking horrors
  2 starspawn tentacles (Abyss:3)
70 creatures vanquished.

Grand Total: 3304 creatures vanquished

Notes
Turn   | Place    | Note
-------+----------+-------------------------------------------
     0 | D:1      | sentinel the Minotaur Cinder Acolyte began the quest for
                  | the Orb.
     0 | D:1      | Reached XP level 1. HP: 19/19 MP: 1/1
    14 | D:1      | Found a faded altar of an unknown god.
   173 | D:1      | Reached XP level 2. HP: 26/26 MP: 2/2
   528 | D:1      | Reached skill level 5 in Axes
   615 | D:1      | Reached XP level 3. HP: 31/31 MP: 3/3
   688 | D:2      | Noticed Jessica
   689 | D:2      | Noticed Natasha
   693 | D:2      | Killed Jessica
   693 | D:2      | Killed Natasha
   694 | D:2      | Reached XP level 4. HP: 29/39 MP: 4/4
   932 | D:2      | Noticed Natasha
   952 | D:2      | Killed Natasha
  1220 | D:2      | Noticed Natasha
  1233 | D:2      | Killed Natasha
  1234 | D:2      | Reached XP level 5. HP: 45/45 MP: 5/5
  1497 | D:2      | Found a white marble altar of Elyvilon.
  2079 | D:3      | Found a glowing golden altar of the Shining One.
  2369 | D:3      | Reached XP level 6. HP: 48/52 MP: 6/6
  3298 | D:4      | Reached skill level 5 in Fighting
  3298 | D:4      | Reached skill level 1 in Evocations
  3298 | D:4      | Reached XP level 7. HP: 51/61 MP: 7/7
  3576 | D:4      | Found a sparkling altar of Nemelex Xobeh.
  3675 | D:4      | Found a sacrificial altar of Ru.
  3838 | D:5      | Entered Level 5 of the Dungeon
  4089 | D:5      | Found a staircase to the Ecumenical Temple.
  4662 | D:5      | Reached XP level 8. HP: 64/70 MP: 8/8
  4908 | D:6      | Reached skill level 10 in Axes
  6585 | D:8      | Noticed a tengu conjurer
  6585 | D:8      | Noticed a tengu warrior
  6585 | D:8      | Noticed Grum
  6603 | D:7      | Reached XP level 9. HP: 46/77 MP: 9/9
  6673 | D:8      | Killed a tengu warrior
  6728 | D:8      | Found a basalt altar of Yredelemnul.
  6776 | D:8      | Noticed a deep elf pyromancer
  6783 | D:8      | Killed a deep elf pyromancer
  6784 | D:8      | Reached skill level 15 in Axes
  6812 | D:8      | Noticed a manticore
  6822 | D:8      | Killed an unseen horror
  6823 | D:8      | Reached XP level 10. HP: 55/84 MP: 10/10
  6825 | D:8      | Killed Grum
  6912 | D:9      | Noticed a green ugly thing
  6920 | D:9      | Killed a green ugly thing
  7195 | D:9      | Found a flagged portal.
  7204 | Bailey   | Entered a bailey
  7500 | Bailey   | Identified the +4 scale mail "Anoteuk" {Fly rC- Int+3}
  7583 | Bailey   | Reached skill level 1 in Armour
  7829 | D:9      | Found a broken altar of Ashenzari.
  7919 | D:10     | Entered Level 10 of the Dungeon
  7924 | D:11     | Noticed a cyclops
  8018 | D:9      | Reached XP level 11. HP: 86/92 MP: 9/11
  8938 | D:8      | Got the Catalogue of Pathos
  9059 | D:8      | Found a burning altar of Makhleb.
  9147 | Temple   | Entered the Ecumenical Temple
  9250 | D:3      | Fell from the grace of Ignis
  9250 | D:3      | Became a worshipper of the Shining One
  9259 | D:3      | You are sucked into a shaft and drop 1 floor!
  9290 | D:4      | You are sucked into a shaft and drop 3 floors!
  9356 | D:10     | Found a staircase to the Orcish Mines.
  9419 | D:10     | Found a staircase to the Lair.
  9506 | D:10     | Noticed a two-headed ogre
  9512 | D:10     | Killed a two-headed ogre
  9513 | D:10     | Reached skill level 5 in Evocations
  9675 | D:11     | Noticed a boulder beetle
  9692 | D:11     | Killed a boulder beetle
  9812 | D:11     | Reached skill level 1 in Invocations
  9903 | D:11     | Noticed Josephine
  9911 | D:11     | Killed Josephine
  9957 | D:11     | Reached * piety under the Shining One
  9958 | D:11     | Reached skill level 5 in Invocations
 10331 | D:11     | Noticed a two-headed ogre
 10336 | D:11     | Killed a two-headed ogre
 10337 | D:11     | Reached skill level 1 in Shields
 10337 | D:11     | Reached XP level 12. HP: 93/105 MP: 15/15
 10741 | D:12     | Reached skill level 1 in Throwing
 10743 | D:12     | Noticed a boulder beetle
 10762 | D:12     | Killed a boulder beetle
 10836 | D:12     | Reached skill level 5 in Armour
 11038 | D:12     | Noticed Rupert
 11040 | D:12     | Paralysed by Rupert for 3 turns
 11046 | D:12     | Reached skill level 10 in Fighting
 11412 | D:12     | Noticed Snorg
 11418 | D:12     | Killed Snorg
 11488 | Lair:1   | Entered Level 1 of the Lair of Beasts
 11503 | Lair:1   | Noticed a catoblepas
 11514 | Lair:1   | Killed a catoblepas
 11628 | Lair:1   | Found a dark tunnel.
 11645 | Volcano  | Entered a volcano
 11647 | Volcano  | Reached ** piety under the Shining One
 12091 | Lair:1   | Reached XP level 13. HP: 82/119 MP: 10/16
 12617 | Lair:2   | Reached skill level 10 in Armour
 12723 | Lair:2   | Found a glowing golden altar of the Shining One.
 12762 | Lair:2   | Reached skill level 5 in Shields
 12826 | Lair:2   | Reached *** piety under the Shining One
 13502 | Lair:3   | Found a staircase to the Snake Pit.
 13935 | Lair:3   | Found a staircase to the Swamp.
 14296 | Lair:3   | Reached skill level 10 in Shields
 14514 | Lair:4   | Noticed Nessos
 14515 | Lair:4   | Nessos changed into Nessos the moth of wrath
 14515 | Lair:4   | Noticed Nessos
 14520 | Lair:4   | Killed Nessos the moth of wrath
 14625 | Lair:4   | Reached XP level 14. HP: 121/133 MP: 15/17
 14659 | Lair:5   | Entered Level 5 of the Lair of Beasts
 14670 | Lair:5   | Reached skill level 15 in Fighting
 14683 | Lair:5   | Reached **** piety under the Shining One
 14729 | Lair:5   | Found a staircase to the Slime Pits.
 14820 | Lair:4   | Noticed Kirke
 15255 | Lair:5   | Was forgiven by Ignis
 15425 | Lair:5   | Found a viscous altar of Jiyva.
 15500 | Lair:5   | Identified the +5 arbalest of Deflation {flame, rPois
                  | Dex+4}
 15509 | Lair:5   | Got the Octavo of Snow-white Fulmination
 15787 | Orc:1    | Entered Level 1 of the Orcish Mines
 16164 | Orc:2    | Entered Level 2 of the Orcish Mines
 16174 | Orc:2    | Found Xeiti's Armour Boutique.
 16191 | Orc:2    | Bought the +11 plate armour of Xuntokask {rPois Regen+
                  | SInv} for 1214 gold pieces
 16467 | Orc:2    | Found a staircase to the Elven Halls.
 16685 | Orc:2    | Reached ***** piety under the Shining One
 16686 | Orc:2    | Reached skill level 10 in Invocations
 16732 | Orc:2    | Found Kaosch's Armour Emporium.
 16732 | Orc:2    | Found Duigge's General Store.
 16734 | Orc:2    | Found Geaquumn's General Store.
 16734 | Orc:2    | Found Xiot's Assorted Antiques.
 16745 | Orc:2    | Bought 2 potions of heal wounds for 100 gold pieces
 16745 | Orc:2    | Bought a scroll of fear for 40 gold pieces
 16745 | Orc:2    | Bought a potion of curing for 30 gold pieces
 16745 | Orc:2    | Bought a scroll of fog for 40 gold pieces
 16747 | Orc:2    | Bought a scroll of fog for 124 gold pieces
 16747 | Orc:2    | Bought a scroll of enchant armour for 232 gold pieces
 16748 | Orc:2    | Bought a scroll of enchant armour for 105 gold pieces
 16855 | D:12     | Paralysed by Rupert for 4 turns
 17135 | D:13     | Found a runed translucent gate.
 17136 | D:13     | Found a runed translucent gate.
 17136 | D:13     | Found a runed translucent gate.
 17138 | D:13     | Noticed beef's ghost (journeyman DECj)
 17143 | D:13     | Noticed Sonja
 17145 | D:13     | Killed Sonja
 17148 | D:13     | Found an iron altar of Okawaru.
 17321 | D:13     | Reached XP level 15. HP: 94/141 MP: 22/22
 17367 | D:14     | Noticed Urug
 17367 | D:14     | Found a gate to the Vaults.
 17377 | D:14     | Killed Urug
 17822 | D:14     | Noticed Roxanne
 18110 | D:15     | Entered Level 15 of the Dungeon
 18110 | D:15     | Found a gate leading to a gauntlet.
 18113 | Gauntlet | Entered a Gauntlet
 18113 | Gauntlet | Found a transporter.
 18113 | Gauntlet | Found a transporter.
 18120 | Gauntlet | Found a runed translucent door.
 18123 | Gauntlet | Found a transporter.
 18125 | Gauntlet | Found a transporter.
 18134 | Gauntlet | Found a transporter.
 18138 | Gauntlet | Found a transporter.
 18147 | Gauntlet | Found a transporter.
 18164 | Gauntlet | Found a transporter.
 18179 | Gauntlet | Found a transporter.
 18183 | Gauntlet | Found a transporter.
 18194 | Gauntlet | Found a transporter.
 18219 | Gauntlet | Found a transporter.
 18352 | Gauntlet | Identified the ring of the Dropbear {Fly rElec rCorr Str+4
                  | SInv}
 18358 | Gauntlet | Identified the +1 hat "Vefafifog" {rCorr Str+2}
 18770 | D:15     | Reached skill level 15 in Shields
 18839 | D:15     | Noticed a frost giant
 18854 | D:15     | Killed a frost giant
 19208 | Swamp:1  | Entered Level 1 of the Swamp
 19373 | Swamp:1  | Reached ****** piety under the Shining One
 19770 | Swamp:2  | Found a sparkling altar of Nemelex Xobeh.
 19795 | Swamp:2  | Reached XP level 16. HP: 149/149 MP: 22/24
 20021 | Swamp:3  | Noticed a tentacled monstrosity
 20028 | Swamp:3  | Killed a tentacled monstrosity
 20067 | Swamp:3  | Noticed a thorn hunter
 20076 | Swamp:3  | Killed a thorn hunter
 20082 | Swamp:4  | Entered Level 4 of the Swamp
 20194 | Swamp:4  | Noticed the 27-headed Lernaean hydra
 20199 | Swamp:4  | Killed the 27-headed Lernaean hydra
 20206 | Swamp:4  | Got a mossy gem with 789 turns to spare
 20227 | Swamp:4  | Got a decaying rune of Zot
 20600 | Swamp:4  | Reached skill level 15 in Invocations
 20672 | Swamp:4  | Identified a scroll of acquirement
 20822 | Swamp:3  | Noticed Mara
 20958 | Snake:1  | Entered Level 1 of the Snake Pit
 21142 | Snake:1  | Found Gubby's Gadget Gallery.
 21231 | Snake:1  | Found a burning altar of Makhleb.
 21234 | Snake:1  | Reached XP level 17. HP: 156/156 MP: 25/27
 21234 | Snake:1  | Noticed Mlioglotl
 21241 | Snake:1  | Killed Mlioglotl
 21934 | Snake:3  | Found an iron altar of Okawaru.
 21947 | Snake:3  | Noticed Smee's ghost (adept MiFi)
 21956 | Snake:3  | Found a bloodstained altar of Trog.
 21972 | Snake:3  | Found a transporter.
 22007 | Snake:3  | Found a transporter.
 22365 | Snake:3  | Found Zijeggy's Armour Shop.
 22404 | Snake:3  | Bought a +2 pair of gloves for 214 gold pieces
 22404 | Snake:3  | Bought a +1 pair of boots of rampaging for 214 gold pieces
 22430 | Snake:3  | Noticed Bai Suzhen
 22445 | Snake:3  | Killed Bai Suzhen
 22583 | Snake:4  | Entered Level 4 of the Snake Pit
 22680 | Snake:4  | Found Ajil Mak's Antique Weapon Boutique.
 22681 | Snake:4  | Found Ycaul's Jewellery Boutique.
 22681 | Snake:4  | Found Nurohea's Armour Shop.
 22692 | Snake:4  | Found Totaqim's Weapon Shop.
 22709 | Snake:4  | Bought a ring of willpower for 375 gold pieces
 23300 | Snake:4  | Noticed Vashnia
 23305 | Snake:4  | Killed Vashnia
 23306 | Snake:4  | Reached XP level 18. HP: 160/168 MP: 29/29
 23365 | Snake:4  | Got a serpentine rune of Zot
 23731 | Lair:4   | Killed Kirke
 23979 | Slime:1  | Entered Level 1 of the Pits of Slime
 23984 | Slime:1  | Reached skill level 1 in Dodging
 24099 | Slime:5  | Entered Level 5 of the Pits of Slime
 24416 | Slime:4  | Gained mutation: You sometimes lose your temper in combat.
                  | [a shining eye]
 24417 | Slime:4  | Gained mutation: Armour fits poorly on your strangely
                  | shaped body. [a shining eye]
 24421 | Slime:4  | Gained mutation: You are weak. (Str -2) [a shining eye]
 24439 | Slime:4  | Lost mutation: Armour fits poorly on your strangely shaped
                  | body. [potion of mutation]
 24439 | Slime:4  | Lost mutation: You sometimes lose your temper in combat.
                  | [potion of mutation]
 24439 | Slime:4  | Lost mutation: You are weak. (Str -2) [potion of mutation]
 24439 | Slime:4  | Gained mutation: Your spells are a little harder to cast,
                  | but a little more powerful. [potion of mutation]
 24439 | Slime:4  | Gained mutation: Your mind is acute. (Int +4, Str/Dex -1)
                  | [potion of mutation]
 24523 | Slime:5  | Noticed the Royal Jelly
 24534 | Slime:5  | Killed the Royal Jelly
 24535 | Slime:5  | Reached skill level 5 in Dodging
 24849 | Slime:5  | Found the +8 Wrath of Trog {antimagic, *Rage Rampage}
 24852 | Slime:5  | Got a slimy rune of Zot
 24857 | Slime:5  | Identified the +1 broad axe of Flawed Execution {holy,
                  | rPois rF- Str+3}
 24858 | Slime:5  | Identified the +9 rapier of the Tomato {venom, rElec rPois
                  | rF++ Str-4}
 24860 | Slime:5  | Identified the ring "Beasoph" {Ice Dex+4}
 24880 | Slime:5  | Got the Grimoire of Sizzling Violence
 24886 | Slime:5  | Got the Book of Overhead Kinetic Energy
 25167 | D:10     | You fall into a shaft and drop 2 floors!
 25243 | D:13     | Killed beef's ghost
 25260 | D:13     | Identified the +0 ring mail "Liduost" {Rampage SInv}
 25262 | D:13     | Acquired 981 gold pieces
 25306 | Vaults:1 | Entered Level 1 of the Vaults
 25322 | Vaults:1 | Learned a level 4 spell: Passage of Golubria
 25423 | Vaults:1 | Reached XP level 19. HP: 150/179 MP: 31/31
 25799 | Vaults:1 | Reached skill level 15 in Armour
 26165 | Vaults:1 | Found Wute's Book Emporium.
 26165 | Vaults:1 | Found Tonos's Jewellery Emporium.
 26257 | Vaults:1 | Found Mankepia's Antique Weapon Emporium.
 26378 | Vaults:1 | Bought a runed broad axe for 280 gold pieces
 26400 | Vaults:1 | Bought An Early Guide to the Histories of Mysteries for 252
                  | gold pieces
 26403 | Vaults:1 | Learned a level 2 spell: Blink
 26436 | Vaults:2 | Noticed Saint Roka
 26446 | Vaults:2 | Killed Saint Roka
 26642 | Vaults:2 | Reached skill level 1 in Stealth
 27225 | Vaults:2 | Found a staircase to the Crypt.
 27225 | Vaults:2 | Found a basalt altar of Yredelemnul.
 27226 | Vaults:2 | Found an ancient bone altar of Kikubaaqudgha.
 27780 | Vaults:4 | Reached XP level 20. HP: 185/191 MP: 32/32
 27826 | Vaults:4 | Reached skill level 10 in Dodging
 28833 | Vaults:4 | Reached skill level 10 in Evocations
 29511 | Elf:1    | Entered Level 1 of the Elven Halls
 29791 | Elf:1    | Found a portal to a secret trove of treasure.
 29969 | Elf:2    | Found a huge runed translucent gate.
 29969 | Elf:2    | Found a huge runed translucent gate.
 29969 | Elf:2    | Found a huge runed translucent gate.
 29969 | Elf:2    | Found a huge runed translucent gate.
 29971 | Elf:2    | Found a huge runed translucent gate.
 30176 | Elf:2    | Noticed Asterion
 30236 | Elf:2    | Killed Asterion
 30249 | Elf:3    | Entered Level 3 of the Elven Halls
 30290 | Elf:3    | Identified the serpent talisman of Zoyn {rElec rF- rCorr
                  | SInv}
 30290 | Elf:3    | Noticed Aizul
 30305 | Elf:3    | Noticed Donald
 30308 | Elf:3    | Killed Aizul
 30316 | Elf:3    | Killed Donald
 30575 | Elf:3    | Identified the blade talisman of Kogatzun {MP+9 Str-4 Dex+2
                  | SInv}
 30640 | Elf:3    | Reached XP level 21. HP: 161/200 MP: 14/34
 30765 | Elf:3    | Noticed Zenata
 30782 | Elf:3    | Killed Zenata
 30937 | Elf:3    | Identified the +5 war axe of Inference {freeze, rCorr}
 31157 | Elf:3    | Identified the amulet of Dogma {^Fragile rC+ Will+ Regen+}
 31197 | Elf:3    | Identified the ring "Ufu Davave" {rPois rC+}
 31212 | Elf:3    | Got a shimmering gem with 180 turns to spare
 31461 | Elf:3    | Found Nuppe's Armour Emporium.
 31513 | Elf:2    | Identified the +1 morningstar of the Original Sin {spect,
                  | Str+3 Int+3}
 31612 | Elf:2    | Paralysed by an air elemental for 1 turns
 32076 | Elf:1    | Got the Lectures on United Damage
 32272 | D:12     | Killed Rupert
 32362 | D:15     | Found a staircase to the Depths.
 32376 | Depths:1 | Entered Level 1 of the Depths
 32376 | Depths:1 | Found a corrupted altar of Lugonu.
 32378 | Depths:1 | Found a one-way gate to the infinite horrors of the Abyss.
 32527 | Depths:2 | Noticed a golden dragon
 32569 | Depths:1 | Found a runed translucent door.
 32569 | Depths:1 | Found a shimmering altar of Xom.
 32569 | Depths:1 | Noticed Camaan's ghost (adept DgCj)
 32569 | Depths:1 | Identified the +7 broad axe of Juaqiof {chaos, ^Fragile rN+
                  | Int+2 SInv}
 32586 | Depths:1 | Found an opulent altar of Gozag.
 33140 | Depths:1 | Found a gateway to Hell.
 33313 | Depths:1 | Killed a golden dragon
 33338 | Depths:2 | Reached XP level 22. HP: 171/215 MP: 35/35
 33420 | Depths:2 | Identified the +2 pair of boots of Sugyutyu {-Tele Harm
                  | rElec SInv}
 33519 | Depths:2 | Found a one-way gate leading to the halls of Pandemonium.
 33524 | Depths:2 | Found a stormy altar of Qazlal.
 33665 | Depths:2 | Identified the ring "Vega Huosh" {rPois rN+ Will+}
 33749 | Depths:3 | Noticed Norris
 33772 | Depths:3 | Killed Norris
 33800 | Depths:3 | Noticed Boris
 33809 | Depths:3 | Killed Boris
 33913 | Depths:3 | Noticed an ancient lich
 33957 | Depths:3 | Reached skill level 1 in Translocations
 34018 | Depths:3 | Killed an ancient lich
 34031 | Depths:3 | Identified the +4 chain mail of a ziggurat {Str+2 Dex+3}
 34178 | Depths:3 | You fall into a shaft and drop 1 floor!
 34178 | Depths:4 | Entered Level 4 of the Depths
 34296 | Depths:3 | Noticed the Enchantress
 34305 | Depths:3 | Killed the Enchantress
 34330 | Depths:3 | Reached skill level 5 in Translocations
 34342 | Depths:3 | Found a runed translucent door.
 34345 | Depths:3 | Noticed Axelsxxd's ghost (adept DsAr)
 34430 | Depths:3 | Found an opulent altar of Gozag.
 34587 | Depths:4 | Noticed a caustic shrike
 34588 | Depths:4 | Noticed a caustic shrike
 34590 | Depths:4 | Noticed a caustic shrike
 34590 | Depths:4 | Noticed a caustic shrike
 34593 | Depths:4 | Killed a caustic shrike
 34597 | Depths:4 | Killed a caustic shrike
 34601 | Depths:4 | Killed a caustic shrike
 34604 | Depths:4 | Killed a caustic shrike
 34772 | Depths:4 | Reached XP level 23. HP: 226/226 MP: 34/37
 34820 | Depths:4 | Reached skill level 5 in Throwing
 34820 | Depths:4 | Found a gate to the Realm of Zot.
 34842 | Depths:4 | Got a midnight gem with 761 turns to spare
 35018 | Depths:4 | Noticed a caustic shrike
 35028 | Depths:4 | Killed a caustic shrike
 35070 | Depths:4 | Found a shimmering blue altar of Sif Muna.
 35146 | Zot:1    | Entered Level 1 of the Realm of Zot
 35709 | Zot:2    | Noticed an orb of fire
 35710 | Zot:2    | Gained mutation: Your magical capacity is low. (-10% MP)
                  | [an orb of fire]
 35722 | Zot:2    | Killed an orb of fire
 36483 | Zot:4    | Found a runed translucent door.
 36487 | Zot:4    | Noticed Esce's ghost (veteran MiFi)
 36573 | Zot:4    | Noticed an orb of fire
 36591 | Zot:4    | Gained mutation: Your magical capacity is very low. (-20%
                  | MP) [an orb of fire]
 36592 | Zot:4    | Killed an orb of fire
 37032 | Zot:4    | Reached XP level 24. HP: 235/238 MP: 29/29
 37286 | Zot:4    | Killed Esce's ghost
 37344 | Zot:5    | Entered Level 5 of the Realm of Zot
 38085 | Zot:1    | Noticed an orb of fire
 38234 | Depths:2 | Found a one-way gateway to a ziggurat.
 38247 | Zig:1    | Entered Level 1 of a ziggurat
 38264 | Zig:2    | Entered Level 2 of a ziggurat
 38286 | Zig:2    | Identified a +8 broad axe of holy wrath (a +6 broad axe
                  | blessed by the Shining One)
 38286 | Zig:2    | Received a gift from the Shining One
 38288 | Zig:3    | Entered Level 3 of a ziggurat
 38319 | Zig:3    | Identified the +3 leather armour of the Unicorn {rF+ Dex+3}
 38323 | Zig:3    | Identified the +7 sling "Kuilyole" {flame, rC+ rN+ Dex-4
                  | SInv}
 38327 | Zig:4    | Entered Level 4 of a ziggurat
 38346 | Zig:4    | Got the Handbook of the Radiant Singularity
 38352 | Zig:5    | Entered Level 5 of a ziggurat
 38358 | Zig:5    | Noticed a royal mummy
 38372 | Zig:5    | Killed a royal mummy
 38390 | Zig:5    | Got the Almanac of the Familiar Curse
 38401 | Zig:6    | Entered Level 6 of a ziggurat
 38433 | Zig:6    | Identified the +9 lajatang "Ycyg" {holy, rF- Str+3 Int+5}
 38442 | Zig:7    | Entered Level 7 of a ziggurat
 38491 | Zig:8    | Entered Level 8 of a ziggurat
 38495 | Zig:8    | Noticed an orb of fire
 38495 | Zig:8    | Noticed an orb of fire
 38495 | Zig:8    | Noticed an orb of fire
 38507 | Zig:8    | Gained mutation: Armour fits poorly on your strangely
                  | shaped body. [an orb of fire]
 38642 | Pan      | Entered Pandemonium
 38745 | Pan      | Entered the realm of Gloorx Vloq.
 38799 | Pan      | Acquired the +4 consecrated labrys {holy, Valiant ^Fragile
                  | Fly SInv}
 38799 | Pan      | Found the +4 consecrated labrys {holy, Valiant ^Fragile Fly
                  | SInv}
 38874 | Pan      | Noticed Gloorx Vloq
 38882 | Pan      | Killed Gloorx Vloq
 38902 | Pan      | Got a dark rune of Zot
 38982 | Pan      | Entered the realm of Lom Lobon.
 39371 | Pan      | Noticed Lom Lobon
 39394 | Pan      | Killed Lom Lobon
 39417 | Pan      | Got a magical rune of Zot
 39538 | Pan      | Found an exit through the horrors of the Abyss.
 39559 | Pan      | Reached XP level 25. HP: 245/245 MP: 30/30
 39695 | Pan      | Noticed Ylaorr the pandemonium lord
 39716 | Pan      | Killed Ylaorr the pandemonium lord
 39983 | Pan      | Entered the realm of Mnoleg.
 40074 | Pan      | Noticed Mnoleg
 40108 | Pan      | Killed Mnoleg
 40226 | Pan      | Gained mutation: Your body sometimes deteriorates upon
                  | taking damage. [mutagenic glow]
 40233 | Pan      | Got a glowing rune of Zot
 40343 | Pan      | Found an exit through the horrors of the Abyss.
 40360 | Pan      | Found an exit through the horrors of the Abyss.
 40418 | Pan      | Gained mutation: Your body often deteriorates upon taking
                  | damage. [a neqoxec]
 40577 | Pan      | Noticed Uclecoe the pandemonium lord
 40589 | Pan      | Killed Uclecoe the pandemonium lord
 40594 | Pan      | Reached skill level 27 in Invocations
 40617 | Pan      | Noticed Alonooso the pandemonium lord
 40640 | Pan      | Lost mutation: Armour fits poorly on your strangely shaped
                  | body. [potion of mutation]
 40640 | Pan      | Lost mutation: Your spells are a little harder to cast, but
                  | a little more powerful. [potion of mutation]
 40640 | Pan      | Gained mutation: You are somewhat resistant to further
                  | mutation. [potion of mutation]
 40641 | Pan      | Lost mutation: Your magical capacity is very low. (-20% MP)
                  | [potion of mutation]
 40641 | Pan      | Lost mutation: You are somewhat resistant to further
                  | mutation. [potion of mutation]
 40641 | Pan      | Lost mutation: Your magical capacity is low. (-10% MP)
                  | [potion of mutation]
 40641 | Pan      | Lost mutation: Your mind is acute. (Int +4, Str/Dex -1)
                  | [potion of mutation]
 40642 | Pan      | Lost mutation: Your body often deteriorates upon taking
                  | damage. [potion of mutation]
 40642 | Pan      | Lost mutation: Your body sometimes deteriorates upon taking
                  | damage. [potion of mutation]
 40642 | Pan      | Gained mutation: Your flesh is cold resistant. (rC+)
                  | [potion of mutation]
 40642 | Pan      | Gained mutation: Your mind is acute. (Int +4, Str/Dex -1)
                  | [potion of mutation]
 40642 | Pan      | Gained mutation: You have an increased reservoir of magic.
                  | (+10% MP) [potion of mutation]
 40876 | Pan      | Killed Alonooso the pandemonium lord
 41128 | Depths:2 | Escaped Pandemonium
 41130 | Pan      | Entered the realm of Cerebov.
 41130 | Pan      | Entered Pandemonium
 41454 | Pan      | Reached XP level 26. HP: 238/254 MP: 43/43
 41491 | Pan      | Identified the staff of Ihokley {rPois rC+ rN+ Necro}
 41500 | Pan      | Found the +6 sword of Cerebov {flame}
 41500 | Pan      | Noticed Cerebov
 41525 | Pan      | Killed Cerebov
 41547 | Pan      | Identified the ring "Miqukk" {Str+7 SInv}
 41571 | Pan      | Identified the +11 mace "Devo" {antimagic, *Slow rElec
                  | Int+5}
 41573 | Pan      | Got a fiery rune of Zot
 41577 | Pan      | Identified the staff of Noylug {rF+ Str+2 Fire}
 41859 | Pan      | Identified the ring "Qugiog" {Wiz rPois rC+}
 41941 | Pan      | Reached skill level 15 in Evocations
 41966 | Pan      | Noticed Qeikhlao the pandemonium lord
 42124 | Pan      | Killed Qeikhlao the pandemonium lord
 42130 | Pan      | Got a demonic rune of Zot
 42143 | Pan      | Found a transporter.
 42161 | Pan      | Noticed Ignacio
 42167 | Pan      | Killed Ignacio
 42242 | Pan      | Found a transporter.
 42381 | Pan      | Found an exit through the horrors of the Abyss.
 42390 | Pan      | Took an exit into the Abyss.
 42390 | Abyss:1  | Escaped into the Abyss
 42455 | Abyss:1  | Found a corrupted altar of Lugonu.
 42554 | Abyss:2  | Found a corrupted altar of Lugonu.
 42558 | Abyss:2  | Identified the +0 tower shield "Avvut" {Str+3 Int+2}
 42643 | Abyss:3  | Identified the +0 tower shield "Suamilli" {rC+++}
 42654 | Abyss:3  | Found a corrupted altar of Lugonu.
 42688 | Abyss:3  | Found a corrupted altar of Lugonu.
 42731 | Abyss:3  | Found a corrupted altar of Lugonu.
 42751 | Abyss:3  | Found a corrupted altar of Lugonu.
 42761 | Abyss:3  | Gained mutation: You are frail. (-10% HP) [a neqoxec]
 42773 | Abyss:3  | Paralysed by accursed screaming for 1 turns
 42812 | Abyss:3  | Found a corrupted altar of Lugonu.
 42923 | Depths:2 | Escaped the Abyss
 42936 | Pan      | Entered Pandemonium
 43002 | Pan      | Found an exit through the horrors of the Abyss.
 43011 | Pan      | Took an exit into the Abyss.
 43011 | Abyss:3  | Escaped into the Abyss
 43018 | Abyss:3  | Found a corrupted altar of Lugonu.
 43023 | Abyss:3  | Found a corrupted altar of Lugonu.
 43202 | Abyss:3  | Identified the +1 tower shield "Wuilia" {rN+ rCorr Int+7
                  | Stlth-}
 43204 | Abyss:3  | Found a radiant altar of Vehumet.
 43209 | Abyss:3  | Paralysed by accursed screaming for 1 turns
 43220 | Abyss:3  | Paralysed by accursed screaming for 1 turns
 43239 | Depths:2 | Escaped the Abyss
 43290 | Depths:1 | Voluntarily entered the Abyss.
 43388 | Abyss:3  | Found a corrupted altar of Lugonu.
 43431 | Abyss:3  | Found a glowing golden altar of the Shining One.
 43459 | Abyss:3  | Noticed a juggernaut
 43465 | Abyss:3  | Killed a juggernaut
 43469 | Abyss:3  | Got an abyssal rune of Zot
 43473 | Depths:1 | Escaped the Abyss
 43566 | Hell     | Entered the Vestibule of Hell
 43566 | Hell     | Noticed Geryon
 43575 | Hell     | Killed Geryon
 43644 | Hell     | Found a gateway to the freezing wastes of Cocytus.
 43687 | Hell     | Reached XP level 27. HP: 218/243 MP: 43/43
 43691 | Hell     | Found a gateway to the ashen valley of Gehenna.
 43702 | Geh:1    | Entered Level 1 of Gehenna
 43805 | Geh:3    | Reached skill level 27 in Fighting
 43893 | Geh:3    | Lost mutation: You are frail. (-10% HP) [potion of
                  | mutation]
 43893 | Geh:3    | Lost mutation: Your mind is acute. (Int +4, Str/Dex -1)
                  | [potion of mutation]
 43893 | Geh:3    | Lost mutation: Your flesh is cold resistant. (rC+) [potion
                  | of mutation]
 43893 | Geh:3    | Gained mutation: You are strong-willed. (Will+) [potion of
                  | mutation]
 43893 | Geh:3    | Gained mutation: You are clumsy. (Dex -2) [potion of
                  | mutation]
 44161 | Geh:7    | Entered Level 7 of Gehenna
 44406 | Geh:7    | Found the +4 robe of Folly {Brill Will-∞ Int+8}
 44448 | Geh:7    | Found the +13 sceptre of Asmodeus
 44448 | Geh:7    | Noticed Asmodeus
 44471 | Geh:7    | Killed Asmodeus
 44484 | Geh:7    | Got an obsidian rune of Zot
 44621 | Hell     | Found a gateway to the Iron City of Dis.
 44651 | Coc:1    | Entered Level 1 of Cocytus
 44686 | Coc:1    | Paralysed by a wendigo for 1 turns
 45066 | Coc:6    | Reached skill level 27 in Shields
 45072 | Coc:6    | Paralysed by a wendigo for 1 turns
 45166 | Coc:7    | Entered Level 7 of Cocytus
 45389 | Coc:7    | Identified the ring "Baydi" {Fly rElec}
 45389 | Coc:7    | Noticed Antaeus
 45426 | Coc:7    | Killed Antaeus
 45453 | Coc:7    | Got an icy rune of Zot
 45532 | Hell     | Found a gateway to the decaying netherworld of Tartarus.
 45550 | Tar:1    | Entered Level 1 of Tartarus
 46010 | Tar:7    | Entered Level 7 of Tartarus
 46222 | Tar:7    | Noticed Ereshkigal
 46244 | Tar:7    | Killed Ereshkigal
 46277 | Tar:7    | Got a bone rune of Zot
 46469 | Dis:1    | Entered Level 1 of the Iron City of Dis
 46900 | Dis:5    | Lost mutation: You are clumsy. (Dex -2) [potion of
                  | mutation]
 46900 | Dis:5    | Lost mutation: You are strong-willed. (Will+) [potion of
                  | mutation]
 46900 | Dis:5    | Gained mutation: You are agile. (Dex +4, Str/Int -1)
                  | [potion of mutation]
 46900 | Dis:5    | Gained mutation: A frigid envelope surrounds you and
                  | freezes all who hurt you. [potion of mutation]
 47211 | Dis:7    | Entered Level 7 of the Iron City of Dis
 47782 | Dis:7    | Noticed Dispater
 47806 | Dis:7    | Killed Dispater
 47972 | Dis:7    | Got an iron rune of Zot
 47973 | Dis:7    | Identified the amulet "Zoor" {Spirit Int+6}
 47975 | Dis:7    | Identified the staff of Nopi {rPois rC+ rCorr Stlth- Conj
                  | Ice}
 47978 | Dis:7    | Got the Volume of Toxicology
 48449 | Vaults:5 | Entered Level 5 of the Vaults
 48455 | Vaults:5 | Noticed Margery
 48465 | Vaults:5 | Killed Margery
 48508 | Vaults:5 | Reached skill level 15 in Dodging
 48509 | Vaults:5 | Noticed Jory
 48520 | Vaults:5 | Killed Jory
 48672 | Vaults:5 | Noticed a dread lich
 48678 | Vaults:5 | Identified the +2 rapier "Jellybane" {pain, ^Fragile rElec
                  | rC- Dex+8}
 48678 | Vaults:5 | Identified the ring "Keedua" {*Slow Fly Str+3 Int+2 SInv
                  | Stlth+}
 48680 | Vaults:5 | Killed a dread lich
 48699 | Vaults:5 | Got a silver rune of Zot
 48708 | Vaults:5 | Noticed a dread lich
 48712 | Vaults:5 | Killed a dread lich
 48828 | Crypt:1  | Entered Level 1 of the Crypt
 48894 | Crypt:1  | Noticed Sojobo
 48904 | Crypt:1  | Killed Sojobo
 48983 | Crypt:3  | Entered Level 3 of the Crypt
 49086 | Crypt:3  | Noticed an ancient lich
 49086 | Crypt:3  | Noticed an ancient lich
 49095 | Crypt:3  | Killed an ancient lich
 49096 | Crypt:3  | Killed an ancient lich
 49101 | Crypt:3  | Identified the ring of Weymif {Str+3 Int+6}
 49102 | Crypt:3  | Identified the staff "Ruedess Hoeg" {rF+ Int+4 SInv Tloc
                  | Fire}
 49102 | Crypt:3  | Noticed an ancient lich
 49105 | Crypt:3  | Got an ivory gem with 1561 turns to spare
 49109 | Crypt:3  | Killed an ancient lich
 49149 | Crypt:3  | Found a staircase to the Tomb.
 49155 | Tomb:1   | Entered Level 1 of the Tomb of the Ancients
 49297 | Tomb:1   | Noticed a royal mummy
 49305 | Tomb:1   | Killed a royal mummy
 49364 | Tomb:1   | Noticed a royal mummy
 49369 | Tomb:1   | Noticed a royal mummy
 49371 | Tomb:1   | Killed a royal mummy
 49373 | Tomb:1   | Killed a royal mummy
 49429 | Tomb:2   | Noticed a royal mummy
 49433 | Tomb:2   | Noticed a royal mummy
 49433 | Tomb:2   | Noticed a royal mummy
 49436 | Tomb:2   | Noticed a royal mummy
 49450 | Tomb:1   | wtf
 50633 | Zot:5    | Noticed a dread lich
 50638 | Zot:5    | Noticed an orb of fire
 50641 | Zot:5    | Lost mutation: You have an increased reservoir of magic.
                  | (+10% MP) [an orb of fire]
 50647 | Zot:5    | Killed an orb of fire
 50669 | Zot:5    | Reached skill level 27 in Axes
 50689 | Zot:5    | Killed a dread lich
 50817 | Zot:5    | Noticed an ancient lich
 50819 | Zot:5    | Noticed an orb of fire
 50819 | Zot:5    | Noticed an ancient lich
 50820 | Zot:5    | Noticed a dread lich
 50821 | Zot:5    | Killed an ancient lich
 50826 | Zot:5    | Killed an ancient lich
 50828 | Zot:5    | Killed an orb of fire
 50829 | Zot:5    | Killed a dread lich
 50907 | Zot:5    | Got the Orb of Zot
 51094 | D:15     | Noticed Woheamep the pandemonium lord
 51473 | D:$      | Escaped with the Orb!

Illustrated notes

...##...............##^=.##
^.^.#...............#^..^^#
..'...........^...#..#..#
#...............#^....#
#.$.$#######....##...# .
#######....##..^##....###'###.
...........#.....#............
...........#>.#..'............
...........#.@..^#.....)......
#######....##^..##....###'###.
##... #...M#######^...##.^.# .
#.....#...^$..........#^.^..#
#..'......M........#..#..#
#.^^..#...............#..^..#
##...##...............##.).##
#### #.......^.......######
...^.................


Turn 49450 on Tomb:1: wtf

Levels and vault maps discovered:
D:1:      dpeg_arrival_ratfight, layout_rooms, serial_bayou,
          serial_bayou_pond_d, serial_bayou_ford_a, serial_bayou_lagoon_a,
          serial_bayou_pond_d, hellmonk_ecumenical_altar_run_dry
D:2:      layout_basic, basic_altar, uniq_jessica, uniq_natasha
D:3:      layout_loops_corners, lemuel_round_altar, minmay_cupped
D:4:      layout_basic, nicolae_ru_great_annihilating_truth,
          nemelex_altar_shiori, chequers_serial_rivers_large_a
D:5:      layout_loops_ring, general_overflow_altar,
          minmay_temple_entry_metal_lava
D:6:      layout_cave_pools
D:7:      layout_basic, nicolae_figureground_sparkle
D:8:      minmay_curly_fans, layout_loops_ring,
          nicolae_yredelemnul_corpse_copse, kennysheep_mini_moat, minmay_puff,
          uniq_grum
D:9:      layout_irregular_city, nicolae_ashenzari_panopticon, enter_bailey_8,
          nicolae_wwwww
D:10:     layout_rooms, erik_lair_island, orc_0_dummy
D:11:     layout_long_grid, uniq_josephine
D:12:     layout_roguey [special_room_orc], uniq_rupert, uniq_snorg
D:13:     layout_roguey, gammafunk_ghost_fury_of_okawaru, uniq_sonja
D:14:     layout_basic, david_vaults_3, minmay_misc_feat_square, serial_ice,
          serial_ice_o, serial_ice_n, serial_ice_f, serial_ice_l, serial_ice_a,
          serial_ice_c, uniq_roxanne
D:15:     grunt_enter_depths_snipers, layout_loops_ring, gauntlet_entry_generic
Temple:   nicolae_temple_bog_church
Lair:1:   layout_cave_pods, enter_volcano_2
Lair:2:   layout_loops_ring, basic_altar, beast_lair_carwin_10
Lair:3:   layout_loops_ring, swamp_mist_pool, alex1729_snake_entry_snake,
          grunt_megastairs_4
Lair:4:   layout_gridlike, lemuel_fruit_fields, grunt_megastairs_1, uniq_kirke,
          uniq_nessos
Lair:5:   gammafunk_lair_ancient_temple, layout_long_grid,
          nicolae_slime_entry_field_trip, serial_bayou_shore_b,
          serial_bayou_shore_b
Swamp:1:  layout_basic_swamp, hangedman_swamp_ruin_hall
Swamp:2:  layout_basic_swamp, hangedman_swamp_ruin_wall, nicolae_swamp_godswood,
          swamp_pool_4, nicolae_swamp_super_fun_site, nicolae_swamp_long_stream
Swamp:3:  layout_basic_swamp, evilmike_swamp_ruin_house_3, uniq_mara
Swamp:4:  grunt_swamp_rune_castle, layout_basic_swamp, swamp_pool_5,
          grunt_witch_cave
Snake:1:  layout_misc_corridors, special_room, basic_altar,
          nicolae_shop_gadgets, uniq_mlioglotl
Snake:2:  layout_onion
Snake:3:  layout_gridlike, gammafunk_ghost_wrathful_warriors,
          lemuel_oklob_altar, minmay_shop_star, uniq_bai_suzhen
Snake:4:  grunt_snake_rune_serpentine_throne, layout_misc_corridors,
          minmay_shoptagon
Slime:1:  cheibrodos_slime_lost_civilization_1, layout_caves
Slime:2:  layout_caves, special_room [special_room_jelly]
Slime:3:  layout_caves
Slime:4:  layout_caves, cheibrodos_slime_lost_civilization_7
Slime:5:  slime_pit_nicolae_royal_road_to_ruin
Orc:1:    layout_caves, nicolae_orc_lava_room
Orc:2:    grunt_orc_tribal_feast, layout_caves, serial_shops, shop
Elf:1:    eino_elf_arrival_the_gate, layout_loops_cross, enter_trove_1,
          minmay_elf_sorcery, minivault_8
Elf:2:    elven_hall_of_blades_hangedman_alternative
          [nicolae_blade_entry_antechamber], layout_geoelf_octagon,
          serial_co_window_serial, co_window_corner_a, co_window_paths_b,
          co_window_of_opportunity_a, co_window_corner_a, co_window_paths_b,
          co_window_2corner, co_window_corner_ca, co_window_paths_c,
          uniq_asterion
Elf:3:    minmay_elf_hall_golems, layout_rooms, serial_shops,
          nicolae_shop_back_alley_shop, fountainhead, st_stairs_12, uniq_donald,
          uniq_zenata, uniq_aizul
Vaults:1: hangedman_vaults_capsules, hangedman_vaults_hard_town_square,
          nicolae_vaults_little_squares_3, v_alt_pattern_4,
          nicolae_vaults_turnstiles, ontoclasm_vaults_spin,
          dpeg_vaults_monster_box, nicolae_vaults_little_squares_5,
          nicolae_vaults_trapezoid_1, layout_vaults_big_room
Vaults:2: minmay_crypt_entry_necro_gods, nicolae_vaults_sightless_eye,
          v_misc_14, nicolae_vaults_double_plus_1, vaults_room_large_hall,
          nicolae_vaults_little_squares_6, ontoclasm_vaults_eye,
          nicolae_vaults_back_hallway, v_misc_5, ontoclasm_vaults_chip,
          nicolae_vaults_display_case, grunt_vaults_swirl,
          nicolae_vaults_little_squares_5, vaults_mumra_hex,
          nicolae_vaults_asterisk, layout_vaults_omnibox, uniq_saint_roka
Vaults:3: vaults_room_corners, hangedman_vaults_corner,
          nicolae_vaults_offset_grid_hallway_2, hangedman_vaults_nails,
          nicolae_vaults_trapezoid_lopsided_4,
          serial_library_hellmonk_angled_corner, nicolae_vaults_wrenched,
          vaults_room_octagon, ontoclasm_vaults_ligature, vaults_mumra_hexcomb,
          nicolae_vaults_octothorpe, nicolae_vaults_diamond_2,
          vaults_room_hallway, layout_vaults_ring
Vaults:4: st_quartered_hall, nicolae_vaults_storage_closets_2, v_misc_14,
          nicolae_vaults_storage_closets_1, nicolae_vaults_trapezoid_lopsided_4,
          vaults_dpeg_ring, layout_vaults_omnigrid
Vaults:5: uniq_frederick, uniq_margery, uniq_jory
Crypt:1:  layout_chaotic_city, nicolae_crypt_deepening_niches,
          grunt_crypt_arrival_webbed, uniq_sojobo
Crypt:2:  layout_basic, roderic_lattice_octagonal_star
Crypt:3:  david_glass_crypt, layout_gridlike
Tomb:1
Tomb:2
Depths:1: layout_twisted_cross, hellmouth_1, lemuel_statue_altar,
          abyss_entry_flame_altar, ebering_ghost_xom, nicolae_water_bricks,
          minmay_variable_closet, minmay_the_grid_square_5x5_3x3_mashed
          [minmay_the_grid_square_5x5_empty, minmay_the_grid_square_5x5_n_small,
          minmay_the_grid_square_5x5_two_walls_a,
          minmay_the_grid_square_5x5_minivault,
          minmay_the_grid_square_5x5_megaprize_diamond,
          minmay_the_grid_square_5x5_mess, minmay_the_grid_square_5x5_tri_point,
          minmay_the_grid_square_5x5_almost_minimal,
          minmay_the_grid_square_5x5_broken_cross], minmay_shop_grove
Depths:2: minmay_complete_graph, layout_cave_pools, enter_ziggurat_c, pan_entry,
          hell_entry, infiniplex_staircase_zigzag_2,
          nicolae_qazlal_scattered_showers, firewood_loft
Depths:3: cheibrodos_cascadia, layout_long_grid, nicolae_gozag_seed_capital,
          hell_entry, ebering_ghost_inner_flame, abyss_entry,
          infiniplex_staircase_pool_1, uniq_josephina, uniq_norris, uniq_boris,
          uniq_enchantress
Depths:4: grunt_zot_entry_bicorn, layout_honeycomb, abyss_entry, pf_coc_iceberg,
          hellmonk_sif_muna_bookshelves
Hell
Dis:1:    lightli_tower_of_babel
Dis:2:    layout_subdivisions
Dis:3:    layout_subdivisions
Dis:4:    layout_gridville
Dis:5:    nicolae_dis_heavy_security, layout_subdivisions
Dis:6:    layout_overlapping_boxes
Dis:7:    iron_city_of_dis [dis_mu, dis_wall_2], layout_gridville
Geh:1:    layout_gehenna_lava_caves
Geh:2:    hangedman_generic_boss_arena
Geh:3:    layout_gehenna_lava_caves, nicolae_geh_isolated_escape
Geh:4:    layout_gehenna_pools_basic
Geh:5:    layout_gehenna_pools_box
Geh:6:    layout_gehenna_pools_basic
Geh:7:    geh_grunt
Coc:1:    layout_ice_bergs
Coc:2:    layout_cocytus_water_paths
Coc:3:    layout_ice_bergs, nicolae_coc_icebean_singular
          [nicolae_sub_coc_subbean]
Coc:4:    layout_cocytus_delve
Coc:5:    layout_ice_bergs
Coc:6:    layout_ice_bergs
Coc:7:    coc_mu
Tar:1:    layout_grid_maze, nicolae_tar_cuneiform_not, lemuel_nasty_fountain
Tar:2:    layout_honeycomb
Tar:3:    layout_honeycomb
Tar:4:    layout_catacombs, nicolae_tar_four_comb_rooms
Tar:5:    layout_grid_maze, nicolae_tar_cuneiform_to_be
Tar:6:    nicolae_hells_demon_pit, layout_cathedral_of_symmetry
Tar:7:    tar_mu [tar_mu_maze]
Zot:1:    layout_basic, regret_index_zotdec_banners
Zot:2:    layout_gridlike, uniq_grunn
Zot:3:    layout_misc_corridors, hangedman_zot_decor_unnerving_road,
          grunt_megastairs_2
Zot:4:    layout_misc_corridors, hellmonk_ghost_big_iron,
          nicolae_zot_crop_circle
Zot:5:    layout_gridlike

Skill      XL: |  1  2  3  4  5  6  7  8  9 10 11 12 13 14 15 16 17 18 19 20 21 22 23 24 25 26 27 |
---------------+----------------------------------------------------------------------------------+-----
Axes           | 4 5 6 7 8 9 12 15 18 19 20 21 22 27 | 27.0
Fighting       | 4 5 6 7 9 12 14 15 16 18 19 22 23 24 26 27 | 27.0
Evocations     | 1 2 6 8 10 13 14 15 19 | 19.0
Armour         | 3 4 9 10 12 14 15 17 24 | 24.6
Invocations    | 6 11 12 15 17 18 20 22 23 25 27 | 27.0
Shields        | 1 2 10 12 17 18 19 20 22 27 | 27.0
Throwing       | 3 8 |  8.0
Dodging        | 5 8 10 20 | 20.0
Stealth        | 3 |  3.0
Translocations | 5 7 |  7.0
Spellcasting   | |  1.0
Fire Magic     | |  2.1

Action                     |  1- 3 |  4- 6 |  7- 9 | 10-12 | 13-15 | 16-18 | 19-21 | 22-24 | 25-27 || total
---------------------------+-------+-------+-------+-------+-------+-------+-------+-------+-------++-------
  Melee: Hand axe          |    63 |   181 |   135 |       |     6 |       |       |       |       ||   385
         Headbutt          |     6 |    25 |    33 |    73 |   166 |   185 |   363 |   491 |  1064 ||  2406
         Punch             |     1 |     1 |     5 |       |     1 |       |       |       |       ||     8
         Broad axe         |       |       |    38 |       |   332 |   614 |  1158 |  1150 |       ||  3292
         Battleaxe         |       |       |    45 |   391 |   337 |       |       |       |       ||   773
         Labrys            |       |       |       |       |       |       |       |   173 |  2681 ||  2854
  Throw: Dart              |       |       |       |    10 |       |       |     4 |     4 |     5 ||    23
         Throwing net      |       |       |       |     2 |     1 |     1 |     1 |     2 |     1 ||     8
         Javelin           |       |       |       |       |       |       |     5 |       |     5 ||    10
   Cast: Passage of Golubr |       |       |       |       |       |       |       |       |     1 ||     1
 Invoke: Foxfire Swarm     |     1 |       |       |       |       |       |       |       |       ||     1
         Fiery Armour      |       |     1 |     3 |     2 |       |       |       |       |       ||     6
         Rising Flame      |       |       |       |     1 |       |       |       |       |       ||     1
         Divine Shield     |       |       |       |     1 |     3 |    11 |    13 |    17 |    47 ||    92
         Summon Divine War |       |       |       |       |     2 |    10 |     5 |    14 |    77 ||   108
         Cleansing Flame   |       |       |       |       |       |     1 |     2 |     8 |    52 ||    63
         Brand Weapon With |       |       |       |       |       |       |       |     1 |       ||     1
  Evoke: Wand              |       |     4 |     5 |    54 |    17 |    19 |    18 |    33 |   124 ||   274
         Lightning rod     |       |       |       |     8 |     4 |     2 |     9 |       |       ||    23
         Tin of tremorston |       |       |       |       |     3 |     2 |       |       |       ||     5
         Phantom mirror    |       |       |       |       |       |     4 |     1 |     2 |     5 ||    12
    Use: Scroll            |       |       |     9 |    13 |    10 |     9 |    18 |    14 |    40 ||   113
         Potion            |       |       |     1 |     4 |       |     3 |     2 |    11 |    35 ||    56
   Stab: Invisible         |       |       |     1 |       |       |       |       |       |       ||     1
         Paralysed         |       |       |     1 |       |       |       |       |       |       ||     1
 Armour: Robe              |    42 |       |       |       |       |       |       |       |       ||    42
         Chain mail        |       |   122 |   190 |   142 |   251 |       |       |       |       ||   705
         Plate armour      |       |       |       |   204 |   210 |   489 |   642 |  1099 |  1099 ||  3743
  Dodge: Dodged            |    42 |    70 |    91 |    96 |   142 |   121 |   200 |   276 |   321 ||  1359
  Block: Other             |       |    18 |    43 |    72 |    44 |       |       |       |       ||   177
         Reflection        |       |       |     1 |     3 |    31 |    74 |    39 |     9 |    87 ||   244
         Kite shield       |       |       |       |       |   252 |   726 |   805 |   973 |   426 ||  3182
         Tower shield      |       |       |       |       |       |       |       |       |  2320 ||  2320
